Cogmind - Beta 16 @@@ ROGUE MODE // 2025.11.20 @ 02:29:07 Player: pappous Result: Destroyed by H-55 Commando with Gauss Rifle Performance ------------- Evolutions (3) 1500 Regions Visited (6) 1200 Robots Destroyed (126) 630 Value Destroyed (4622) 4622 Prototype IDs (0) 0 Alien Tech Used (0) 0 Bonus (773) 773 TOTAL SCORE: 8725 Bonus ------- High Alert Combat Kills 73 Entered Garrisons 200 Used RIF Installer 500 Cogmind --------- Core Integrity 0/700 Matter 95/300 Energy 264/290 System Corruption 9% Temperature Cool (0) Movement Rolling (160) Ox4 Location -7/Factory Parts ------- > --- POWER (1) -------- Improved Deuterium Engine > --- PROPULSION (3) --- Light Treads Armored Huge Wheel > --- UTILITY (7) ------ Improved Cooling System Huge Storage Unit Improved Signal Interpreter Advanced Targeting Computer Hardened Heavy Armor Plating > --- WEAPON (2) ------- Gatling Laser Mini Grenade Launcher > --- INVENTORY (25) --- Deuterium Engine Armored Huge Wheel Improved Heat Sink High-capacity Matter Pod (200) Visual Processing Unit Improved Sensor Array Improved Signal Interpreter Advanced Targeting Computer Advanced Targeting Computer Kinecellerator Weapon Cycler Weapon Cycler Hacking Suite Relay Coupler [NC] (30) Relay Coupler [NC] (28) Relay Coupler [Sentry] (18) Relay Coupler [Hunter] (18) Corruption Screen Plasma Cannon Gauss Rifle Gauss Rifle Gauss Rifle Remote Datajack Heavy Hammer Peak State ------------ > --- POWER ------------ Improved Deuterium Engine > --- PROPULSION ------- Light Treads Armored Huge Wheel > --- UTILITY ---------- Improved Cooling System Huge Storage Unit Improved Signal Interpreter Advanced Targeting Computer Kinecellerator Hardened Heavy Armor Plating > --- WEAPON ----------- Gatling Laser Flak Gun > --- INVENTORY -------- Light Nuclear Core Light Treads Improved Heat Sink High-capacity Matter Pod Visual Processing Unit Improved Sensor Array Improved Signal Interpreter Advanced Targeting Computer Advanced Targeting Computer Kinecellerator Weapon Cycler Weapon Cycler Hacking Suite Relay Coupler [NC] Relay Coupler [NC] Relay Coupler [Sentry] Relay Coupler [Hunter] Corruption Screen Plasma Cannon Minigun Gauss Rifle Flak Gun Mini Grenade Launcher Remote Datajack Heavy Hammer [Rating: 51] Favorites ----------- Power Improved Ion Engine Engine Improved Ion Engine Power Core Light Nuclear Core Propulsion Light Treads Treads Light Treads Leg Aluminum Leg Wheel Wheel Utility Huge Storage Unit Device Heat Sink Storage Huge Storage Unit Processor Visual Processing Unit Protection Hardened Heavy Armor Plating Weapon Minigun Energy Gun Gatling Laser Energy Cannon Plasma Cannon Ballistic Gun Minigun Launcher Mini Grenade Launcher Special Weapon Mining Laser Impact Weapon Heavy Hammer Special Melee Weapon Datajack Build | -11 -10 -9 -8 -7 -7 -7 ------- Run | Yrd Mat Mat Mat Fac Gar Fac Slots Evolved 6 | . . 2 2 2 . . Power . | . . . . . . . Propulsion 1 | . . . . 1 . . Utility 5 | . . 2 2 1 . . Weapon . | . . . . . . . Parts Attached 102 | 6 5 26 20 25 9 11 Power 13 | 1 . 4 2 3 1 2 Engine 11 | 1 . 4 2 2 . 2 Core 2 | . . . . 1 1 . Reactor . | . . . . . . . Propulsion 28 | 2 . 6 7 9 2 2 Treads 16 | 1 . 3 3 7 1 1 Leg 1 | . . . . . 1 . Wheel 11 | 1 . 3 4 2 . 1 Hover . | . . . . . . . Flight . | . . . . . . . Utility 28 | 1 2 6 7 6 3 3 Device 12 | . . 1 4 4 1 2 Storage 5 | 1 1 1 . 1 . 1 Processor 7 | . 1 3 2 1 . . Hackware . | . . . . . . . Protection 4 | . . 1 1 . 2 . Artifact . | . . . . . . . Weapon 33 | 2 3 10 4 7 3 4 Energy Gun 11 | 1 . 4 1 4 . 1 Energy Cannon 3 | . . 1 1 . 1 . Ballistic Gun 12 | 1 2 1 2 2 1 3 Ballistic Cannon . | . . . . . . . Launcher 4 | . 1 1 . 1 1 . Special Weapon 1 | . . 1 . . . . Impact Weapon 1 | . . 1 . . . . Slashing Weapon . | . . . . . . . Piercing Weapon . | . . . . . . . Special Melee Weapon 1 | . . 1 . . . . Unidentified Prototypes . | . . . . . . . Parts Lost 40 | . . 13 11 11 4 1 Power 8 | . . 2 2 3 1 . Propulsion 14 | . . 5 5 2 2 . Utility 6 | . . 1 2 2 . 1 Weapon 12 | . . 5 2 4 1 . Highest Loss Streak 5 | . . 5 4 4 2 1 To Critical Strikes 1 | . . . . . 1 . Average Backups 19 | 1 10 17 23 22 21 24 Power . | . 1 . 1 . . . Propulsion 2 | . 2 2 2 1 . 1 Utility 10 | . 3 6 11 12 13 16 Weapon 6 | . 3 6 7 7 6 5 Tool/Special . | . . . . . . . Unused Backups 39 | . . 2 10 5 1 21 Power 2 | . . . 1 . . 1 Propulsion 4 | . . . 1 2 . 1 Utility 22 | . . . 4 1 1 16 Weapon 9 | . . 2 4 1 . 2 Tool/Special 2 | . . . . 1 . 1 Average Slot Usage (%) 95 | . 99 95 97 98 90 84 Engine 8 | . 14 10 8 5 4 4 Treads 12 | . 14 10 9 20 2 7 Wheel 7 | . 14 10 7 1 7 7 Device 9 | . . 4 14 14 10 13 Storage 10 | . 26 11 9 7 7 7 Processor 22 | . 1 23 27 29 28 16 Protection 1 | . . 2 1 . 5 7 Energy Gun 7 | . 14 9 1 6 5 7 Energy Cannon 1 | . . . 7 . 1 . Ballistic Gun 8 | . 13 10 8 6 6 6 Peak Build Rating 51 | 6 9 17 32 50 50 51 Average Rating 29 | 5 7 13 23 45 47 50 On Entrance 23 | . 6 9 17 32 50 49 Avg Prop Armor Cover (%) 9 | 6 5 10 11 17 6 4 Naked Turns . | . . . . . . . Heaviest Build 124 | 12 32 93 99 99 114 124 Greatest Support 84 | 20 20 40 40 84 28 28 Greatest Overweight (x) 30 | . 1 9 9 30 4 4 Average Overweight (x) 4 | . . 5 8 3 3 4 Largest Inventory Capacity 25 | 8 15 25 25 25 25 25 Average Capacity 23 | 7 14 23 25 25 25 25 Most Carried 25 | 4 15 24 25 25 25 25 Average Carried 20 | 1 10 17 23 23 22 24 Final Capacity 25 | 8 15 25 25 25 25 25 Final Carried 25 | 4 15 21 25 22 25 25 Class Distribution -------------------- 47% | Mutant 27% | Skirmisher 10% | Scavenger-Mutant 9% | Bothacker-Mutant 5% | Scavenger-Skirmisher Dominant Class ---------------- Mutant | -10/Materials Mutant | -9/Materials Skirmisher | -8/Materials Skirmisher | -7/Factory Scavenger-Mutant | -7/Garrison Bothacker-Mutant | -7/Factory Resources | -11 -10 -9 -8 -7 -7 -7 ----------- Run | Yrd Mat Mat Mat Fac Gar Fac Matter Collected 2964 | 203 147 793 580 695 407 139 Remotely . | . . . . . . . Salvage Created 4540 | . 195 1089 1245 1267 516 228 Parts 234 | . 15 58 60 72 16 13 Haulers Intercepted 1 | . . . 1 . . . Recyclers Shooed 4 | . . 4 . . . . Parts Field Recycled . | . . . . . . . Retrieved Matter . | . . . . . . . Parts Self-Destructed . | . . . . . . . Prevented . | . . . . . . . Parts Restored . | . . . . . . . Kills | -11 -10 -9 -8 -7 -7 -7 ------- Run | Yrd Mat Mat Mat Fac Gar Fac Combat Hostiles Destroyed 105 | . 7 21 24 30 14 9 Guns 63 | . 4 18 6 22 8 5 Cannons 13 | . . 1 11 . 1 . AOE 28 | . 3 2 6 8 5 4 Classes Destroyed 14 | . 4 3 4 3 . . Worker 10 | . 1 4 3 1 . 1 Builder 3 | . 1 . . 2 . . Hauler 1 | . . . 1 . . . Recycler 4 | . . 1 1 2 . . Mechanic 1 | . . . 1 . . . Operator 1 | . . . 1 . . . Watcher 1 | . . 1 . . . . Swarmer 28 | . 3 3 3 9 4 6 Grunt 42 | . 4 10 17 6 5 . Brawler 1 | . . . 1 . . . Duelist 2 | . . . . 2 . . Sentry 22 | . . 8 3 5 4 2 Hunter 3 | . . . . 2 1 . Programmer 7 | . . . . 6 . 1 Best Kill Streak 8 | . 5 3 5 8 7 4 Combat Bots Only 7 | . 4 3 3 6 7 3 Max Kills in Single Turn 5 | . 3 1 3 5 2 2 Gunslinging . | . . . . . . . Exploded 5 | . 3 1 3 5 2 2 Melee . | . . . . . . . Uniques/NPCs Destroyed . | . . . . . . . Combat | -11 -10 -9 -8 -7 -7 -7 -------- Run | Yrd Mat Mat Mat Fac Gar Fac Hostile Shots Fired 902 | . 35 163 132 329 155 88 Missed 275 | . 8 33 35 107 56 36 Hits 627 | . 27 130 97 222 99 52 Melee 10 | . . . . 10 . . Projectile 617 | . 27 130 97 212 99 52 Critical Strikes 19 | . 1 6 5 2 3 2 Part Disruptions 1 | . . . . 1 . . Damage Taken 8276 | . 270 1716 1478 3120 1118 574 Core 1430 | . 86 361 269 448 175 91 Absorbed by Shields . | . . . . . . . Core Remaining (%) 56 | 100 65 9 51 . . . Volleys Fired 376 | . 12 112 94 99 44 15 Largest 2 | . 2 2 2 2 2 2 Hottest 110 | . 80 100 105 110 110 110 Shots Fired 660 | . 24 187 173 170 77 29 Gun 526 | . 20 181 89 162 49 25 Cannon 98 | . . 1 78 . 19 . Launcher 34 | . 4 3 6 8 9 4 Special 2 | . . 2 . . . . Kinetic 315 | . 8 93 84 88 29 13 Thermal 311 | . 12 91 83 74 39 12 Explosive 34 | . 4 3 6 8 9 4 Electromagnetic . | . . . . . . . Robot Hit Streak 31 | . 4 25 27 14 31 12 Robot Miss Streak 5 | . 4 3 5 4 3 5 Penetration Max . | . . . . . . . Secondary Targets 6 | . 1 . . 4 1 . Max Gunslinging Chain 1 | . 1 . . 1 1 . Shots Hit Robots 483 | . 13 148 122 130 48 22 Core Hits 268 | . 14 48 53 80 45 28 Critical Kills 2 | . . 1 1 . . . Critical Parts Destroyed 2 | . . 1 1 . . . Critical Strikes 10 | . . 6 2 2 . . Burn 6 | . . 4 . 2 . . Meltdown 1 | . . . 1 . . . Destroy 3 | . . 2 1 . . . Melee Attacks 7 | . . 7 . . . . Impact 3 | . . 3 . . . . Slashing . | . . . . . . . Piercing . | . . . . . . . Sneak Attacks . | . . . . . . . Combat Hostiles . | . . . . . . . Follow-up Attacks . | . . . . . . . Damage Inflicted 11012 | . 407 1980 2744 3483 1503 895 Guns 6906 | . 167 1899 1085 2446 802 507 Cannons 1485 | . . 17 1189 . 279 . Explosions 2621 | . 240 64 470 1037 422 388 Melee . | . . . . . . . Ramming . | . . . . . . . Kinetic 3715 | . 91 950 999 1062 401 212 Thermal 4749 | . 76 966 1348 1384 680 295 Explosive 2548 | . 240 64 397 1037 422 388 Electromagnetic . | . . . . . . . Impact . | . . . . . . . Slashing . | . . . . . . . Piercing . | . . . . . . . Highest Corruption 9 | . . 2 5 6 7 9 Average Corruption 5 | . . 2 4 3 7 7 Corruption Purged . | . . . . . . . Corruption Blocked . | . . . . . . . Effects 101 | . . . 19 34 17 31 Message Errors 23 | . . . 5 5 6 7 Matter Fused 25 | . . . 3 8 4 10 Heat Flow Errors 10 | . . . 3 4 1 2 Energy Discharges 13 | . . . 3 3 3 4 Parts Rejected 1 | . . . . 1 . . Parts Fused 1 | . . . . 1 . . Data Loss (minor) 10 | . . . 3 3 1 3 Data Loss (major) 4 | . . . 1 2 . 1 Misfires 7 | . . . 1 3 1 2 Alerts 3 | . . . . 1 . 2 Weapon Failures 4 | . . . . 3 1 . Overload Shots . | . . . . . . . Overflow Damage 191 | . . 3 20 49 36 83 Projectiles . | . . . . . . . Explosions 191 | . . 3 20 49 36 83 Melee . | . . . . . . . Knockbacks . | . . . . . . . Impact . | . . . . . . . Kinetic . | . . . . . . . Secondary . | . . . . . . . Self-Inflicted Damage 354 | . 39 32 21 140 75 47 Shots 12 | . 1 2 1 4 3 1 Rammed . | . . . . . . . Targets Rammed . | . . . . . . . Kicked . | . . . . . . . Crushed . | . . . . . . . Highest Temperature 319 | . 102 308 281 173 319 199 Average Temperature 66 | . 43 85 70 31 83 70 Received Heat Transfer 2424 | . 42 777 837 339 351 78 Effects 5 | . . 1 4 . . . Interference 4 | . . . 4 . . . Damage (minor) 1 | . . 1 . . . . Siege Activations . | . . . . . . . Martial Activations . | . . . . . . . Shielding Activations . | . . . . . . . Robots Disrupted . | . . . . . . . Combat Hostiles . | . . . . . . . Robots Corrupted . | . . . . . . . Combat Hostiles . | . . . . . . . Parts Fried . | . . . . . . . Impact Corruptions . | . . . . . . . Robots Melted 1 | . . . 1 . . . Combat Hostiles 1 | . . . 1 . . . Parts Melted 24 | . 2 5 5 10 2 . Heat Transferred 10541 | . 222 2732 2645 2917 1375 650 Parts Sabotaged . | . . . . . . . Parts Stolen . | . . . . . . . Parts Stripped . | . . . . . . . Power Chain Reactions . | . . . . . . . Alert | -11 -10 -9 -8 -7 -7 -7 ------- Run | Yrd Mat Mat Mat Fac Gar Fac Maximum Alert Level 2 | . . . 1 1 2 1 Low Security (%) 77 | 100 100 100 87 76 . 20 Level 1 17 | . . . 12 23 22 79 Level 2 5 | . . . . . 77 . Level 3 . | . . . . . . . Level 4 . | . . . . . . . Level 5 . | . . . . . . . High Security . | . . . . . . . Max Security . | . . . . . . . Peak Influence 655 | . 132 121 232 292 655 343 Initial 343 | . . 29 47 93 213 343 Average 115 | . 24 38 87 122 463 239 Influence Increases 3295 | . 236 658 790 875 482 254 Destroy 0b10 Robot/C 2100 | . 140 420 480 600 280 180 Destroy 0b10 Robot/NC 105 | . 10 30 35 25 . 5 Destroy Leader 504 | . 30 132 92 190 20 40 Successful Hack 44 | . . 22 8 14 . . Disable Machine 105 | . . 30 45 15 . 15 Anti-Garrison Action 50 | . . . . . 50 . Destroy Structure 222 | . 26 24 70 31 57 14 Lose Combat Pursuer 165 | . 30 . 60 . 75 . Influence Decreases 3076 | . 164 617 698 775 132 690 Entered New Map 625 | . . 43 66 112 92 312 Time Decay 2084 | . 164 464 525 563 . 368 Lost Part 367 | . . 110 107 100 40 10 Squads Dispatched 21 | . 2 2 4 11 . 2 Investigation 3 | . 1 . . 2 . . Extermination 7 | . . . . 6 . 1 Reinforcement 10 | . 1 2 4 2 . 1 Assault . | . . . . . . . Garrison 1 | . . . . 1 . . Intercept . | . . . . . . . Searches Triggered . | . . . . . . . Construction Impeded 1 | . . . . 1 . . Haulers Reinforced . | . . . . . . . Active Scanning Responses . | . . . . . . . Cargo Convoy Interrupts 1 | . . . . . . 1 Stealth | -11 -10 -9 -8 -7 -7 -7 --------- Run | Yrd Mat Mat Mat Fac Gar Fac Distress Signals 7 | . 1 1 4 1 . . Communications Jammed . | . . . . . . . Distress Signals . | . . . . . . . Times Spotted 175 | . 16 38 41 35 16 29 Peak Tracking Total 12 | . 5 4 6 7 5 12 Tactical Retreats 7 | . 1 . 4 . 2 . Traps | -11 -10 -9 -8 -7 -7 -7 ------- Run | Yrd Mat Mat Mat Fac Gar Fac Traps Triggered 11 | . . 1 3 3 1 3 Indirectly . | . . . . . . . Trap Hack Attempts . | . . . . . . . Triggered . | . . . . . . . Disarmed . | . . . . . . . Reprogrammed . | . . . . . . . Reused . | . . . . . . . Traps Extracted . | . . . . . . . Installed . | . . . . . . . Triggered . | . . . . . . . Machines | -11 -10 -9 -8 -7 -7 -7 ---------- Run | Yrd Mat Mat Mat Fac Gar Fac Machines Disabled 8 | . . 2 3 1 1 1 Max in Single Turn 1 | . . 1 1 1 1 1 Garrison Relay 1 | . . . . . 1 . Machines Repaired . | . . . . . . . Machines Dismantled . | . . . . . . . Machines Sabotaged . | . . . . . . . Overloaded Fab Kills . | . . . . . . . Hacking | -11 -10 -9 -8 -7 -7 -7 --------- Run | Yrd Mat Mat Mat Fac Gar Fac Machines Accessed 6 | . . 2 1 2 . 1 Terminals 2 | . . . 1 . . 1 Fabricators 1 | . . . . 1 . . Repair Stations . | . . . . . . . Recycling Units . | . . . . . . . Scanalyzers 2 | . . 2 . . . . Garrison Access 1 | . . . . 1 . . Total Hacks 15 | . . 7 1 6 . 1 Successful 10 | . . 5 1 3 . 1 Failed 5 | . . 2 . 3 . . Catastrophic 1 | . . 1 . . . . Database Lockouts . | . . . . . . . Manual 1 | . . . 1 . . . Terminals 2 | . . . 1 . . 1 Fabricators 2 | . . . . 2 . . Repair Stations . | . . . . . . . Recycling Units . | . . . . . . . Scanalyzers 7 | . . 7 . . . . Garrison Access 4 | . . . . 4 . . Terminal Hacks 2 | . . . 1 . . 1 Open DSF 1 | . . . . . . 1 Branch Access Points 1 | . . . 1 . . . Fabricator Hacks 2 | . . . . 2 . . Load Schematic 1 | . . . . 1 . . Build 1 | . . . . 1 . . Repair Station Hacks . | . . . . . . . Recycling Unit Hacks . | . . . . . . . Scanalyzer 5 | . . 5 . . . . Insert Component 2 | . . 2 . . . . Analyze 2 | . . 2 . . . . Retrieve Study 1 | . . 1 . . . . Garrison Access Hacks 1 | . . . . 1 . . Unlock Access 1 | . . . . 1 . . Unauthorized Hacks . | . . . . . . . Terminals . | . . . . . . . Fabricators . | . . . . . . . Repair Stations . | . . . . . . . Recycling Units . | . . . . . . . Scanalyzers . | . . . . . . . Garrison Access . | . . . . . . . Data Cores Recovered . | . . . . . . . Used . | . . . . . . . Hacking Detections 5 | . . 2 . 2 . 1 Full Trace Events 2 | . . . . 2 . . Feedback Events 1 | . . . . 1 . . Corruption 1 | . . . . 1 . . Feedback Blocked . | . . . . . . . Robot Schematics Acquired . | . . . . . . . Robots Built . | . . . . . . . Authchips . | . . . . . . . Time . | . . . . . . . Total Robot Build Rating . | . . . . . . . Part Schematics Acquired 2 | . . 2 . . . . Parts Built 1 | . . . . 1 . . Authchips . | . . . . . . . Time 51 | . . . . 51 . . Total Part Build Rating 1 | . . . . 1 . . Part Studies Acquired 1 | . . 1 . . . . Parts Repaired . | . . . . . . . Time . | . . . . . . . Parts Recycled . | . . . . . . . Recycled Matter . | . . . . . . . Retrieved Matter . | . . . . . . . Retrieved Components . | . . . . . . . Parts Scanalyzed 2 | . . 2 . . . . Part Schematics Acquired 2 | . . 2 . . . . Parts Damaged . | . . . . . . . Bothacking | -11 -10 -9 -8 -7 -7 -7 ------------ Run | Yrd Mat Mat Mat Fac Gar Fac Used RIF Installer 1 | . . . . . 1 . Robots Hacked . | . . . . . . . Non-combat . | . . . . . . . Combat . | . . . . . . . Robot Hacks Applied . | . . . . . . . Relay Couplers Released 5 | . . . . . 5 . Machine Destruction 5 | . . . . . 5 . Fabnet Peak Effective % . | . . . . . . . Robots Rewired . | . . . . . . . Allies Hacked . | . . . . . . . Hacks Repelled . | . . . . . . . Allies | -11 -10 -9 -8 -7 -7 -7 -------- Run | Yrd Mat Mat Mat Fac Gar Fac Total Allies . | . . . . . . . Largest Group . | . . . . . . . Highest-Rated Group . | . . . . . . . Highest-Rated Ally . | . . . . . . . Total Orders . | . . . . . . . Ally Attacks . | . . . . . . . Total Damage . | . . . . . . . Kills . | . . . . . . . Allies Corrupted . | . . . . . . . Allies Melted . | . . . . . . . Intel | -11 -10 -9 -8 -7 -7 -7 ------- Run | Yrd Mat Mat Mat Fac Gar Fac Active Infowar (turns) 6966 | . . 1542 1910 2831 474 209 Optics 6757 | . . 1542 1910 2831 474 . Sensors 1620 | . . . 1620 . . . Terrain 1811 | . . . 168 1643 . . Traps 209 | . . . . . . 209 Robot Analysis Total . | . . . . . . . Derelict Logs Recovered . | . . . . . . . Drone Launches . | . . . . . . . Drone Recoveries . | . . . . . . . Exploration | -11 -10 -9 -8 -7 -7 -7 ------------- Run | Yrd Mat Mat Mat Fac Gar Fac Turns Passed 9900 | 71 1253 2316 1910 2831 665 854 Spaces Moved 3983 | 40 477 926 673 1034 355 478 Core 6 | 3 . . . 3 . . Treads 1373 | 35 477 109 32 720 . . Legs . | . . . . . . . Wheels 2604 | 2 . 817 641 311 355 478 Hover . | . . . . . . . Flight . | . . . . . . . Fastest Speed 50 | 50 160 110 190 130 145 160 Average Speed 205 | 147 239 192 219 234 146 160 Slowest Speed 1550 | 160 240 480 320 1550 160 160 Overloaded Moves . | . . . . . . . Propulsion Burnouts . | . . . . . . . Robots Hopped . | . . . . . . . Potential Cave-ins . | . . . . . . . Cave-ins Triggered . | . . . . . . . Exploration Rate (%) 40 | 4 69 58 69 34 36 13 Regions Visited 6 Branch Regions . Pre-discovered Areas . | . . . . . . . Known Exits Taken 3 | . . 1 1 1 . . Unknown Exits Taken 2 | 1 1 . . . . . Scrap Searched . | . . . . . . . Spaces Dug 6 | . . 1 5 . . . Terrain Destroyed 222 | . 34 20 74 30 50 14 Melee . | . . . . . . . Projectile 13 | . . 1 11 1 . . AOE 209 | . 34 19 63 29 50 14 Terrain Rammed . | . . . . . . . Walls Destroyed . | . . . . . . . Machines Disabled . | . . . . . . . Actions | -11 -10 -9 -8 -7 -7 -7 --------- Run | Yrd Mat Mat Mat Fac Gar Fac Total 5107 | 49 565 1259 946 1309 435 544 Wait 451 | . 60 142 112 113 9 15 Move 3978 | 39 476 925 672 1034 354 478 Hop . | . . . . . . . Pick Up 97 | 4 11 26 27 14 10 5 Fast Attach 32 | 6 1 6 5 8 2 4 Attach 35 | . 1 12 10 8 4 . Detach 1 | . . 1 . . . . Swap 66 | . 3 17 11 14 8 13 Drop 64 | . 1 11 15 19 4 14 Fire 376 | . 12 112 94 99 44 15 Melee 7 | . . 7 . . . . Ram . | . . . . . . . Kick . | . . . . . . . Crush . | . . . . . . . Escape Stasis . | . . . . . . . Rewire . | . . . . . . . Trap . | . . . . . . . Miscellaneous . | . . . . . . . Route ------- -11/Scrapyard -10/Materials (discovered 5 exits: *Mat x2 / [*Min x2] / [*Sub]) -9/Materials (discovered 3 exits: *Mat x2 / [*Min]) -8/Materials (discovered 2 exits: *Fac x2) -7/Factory (discovered 4 exits: *Fac x2 / *Low / Gar) -7/Garrison -7/Factory History --------- Turn | Location | Event 30 | -11/Scrapyard | Discovered new exit (range 15) 72 | -11/Scrapyard | Entered Materials 73 | -10/Materials | Met a group of wandering Federalists 155 | -10/Materials | Discovered new exit (range 14) 267 | -10/Materials | Discovered new exit (range 8) 310 | -10/Materials | Build established: Mutant 583 | -10/Materials | Discovered new exit (range 8) 653 | -10/Materials | Discovered new exit (range 16) 845 | -10/Materials | Discovered new exit (range 5) 1325 | -10/Materials | Entered another Materials area 1325 | -9/Materials | Evolved 2 slots: Utility x2 2031 | -9/Materials | Discovered new exit (range 8) 2343 | -9/Materials | Discovered new exit (range 13) 2386 | -9/Materials | Build established: Scavenger-Mutant 2885 | -9/Materials | Identified exit to Materials 3008 | -9/Materials | Discovered exit to Materials (range 18) 3044 | -9/Materials | Core integrity fell below 50% 3098 | -9/Materials | Lost 5 parts (1p2n2w) 3349 | -9/Materials | Build established: Mutant 3450 | -9/Materials | Core integrity fell below 20% 3641 | -9/Materials | Entered another Materials area 3641 | -8/Materials | Evolved 2 slots: Utility x2 3945 | -8/Materials | Lost 4 parts (1p1n1u1w) 4221 | -8/Materials | Build established: Skirmisher 4570 | -8/Materials | Discovered new exit (range 11) 4591 | -8/Materials | Identified exit to Factory 5415 | -8/Materials | Discovered exit to Factory (range 17) 5551 | -8/Materials | Entered Factory 5551 | -7/Factory | Evolved 2 slots: Propulsion x1, Utility x1 5918 | -7/Factory | Discovered new exit (range 11) 6761 | -7/Factory | Fabricated Huge Storage Unit (x1) 6827 | -7/Factory | Identified exit to Lower Caves 7494 | -7/Factory | Build established: Mutant 7648 | -7/Factory | Discovered new exit (range 6) 7701 | -7/Factory | Identified exit to Factory 8139 | -7/Factory | Discovered exit to Factory (range 10) 8231 | -7/Factory | Core integrity fell below 50% 8336 | -7/Factory | Garrison activated, responded to threat 8377 | -7/Factory | Lost 4 parts (1p1u2w) 8382 | -7/Factory | Identified exit to Garrison 8382 | -7/Factory | Entered Garrison 8424 | -7/Garrison | Triggered checkpoint 8437 | -7/Garrison | Triggered checkpoint 8476 | -7/Garrison | Destroyed 7 combat bots 8510 | -7/Garrison | Triggered checkpoint 8578 | -7/Garrison | Spotted B-75 Beast 8694 | -7/Garrison | Discovered new exit (range 10) 8793 | -7/Garrison | Build established: Scavenger-Mutant 8798 | -7/Garrison | Triggered checkpoint 8799 | -7/Garrison | Core integrity fell below 20% 8933 | -7/Garrison | Installed Relay Interface Framework 8961 | -7/Garrison | Garrison Relay disabled 9046 | -7/Garrison | Identified exit to Factory 9047 | -7/Garrison | Entered Factory 9133 | -7/Factory | Identified exit to DSF 9262 | -7/Factory | Build established: Bothacker-Mutant 9894 | -7/Factory | Cargo convoy interrupted 9901 | -7/Factory | Destroyed by H-55 Commando with Gauss Rifle Last Messages --------------- 09876_ Dropped Flak Gun. 09876_ Acquired Gauss Rifle. 09893_ C-45 Heavy ARC bursts open, deploying its payload. 09893_ P-60 Hacker unfolds itself. 09893_ H-55 Commando unfolds itself. 09893_ P-60 Hacker unfolds itself. 09893_ M-28 Smith unfolds itself. 09894_ 466%Z BIFOMX3CDGWTRZJ 09894_ ALERT: Cargo convoy interrupted, initiating access lockdown. [Achievement: Jackpot] 09894_ K-01 Serf collects debris. 09895_ C-45 Heavy ARC bursts open, deploying its payload. 09895_ H-55 Commando unfolds itself. 09895_ Slug penetrates H-55 Commando. 09895_ Slug penetrates Wall. 09901_ Scanalyzer disabled. 09901_ S-27 Virus destroyed. 09901_ Trap Scanner destroyed. 09901_ Destroyed Trap Scanner. 09901_ Penetrated by Slug. Map ----- +----------------------------------------------------+ | ?????????????????????????????????????????????????? | | ?????????????????????????????????????????????????? | | ?????????????????????????????????????????????????? | | ?????????????????????????????????????????????????? | | ?????????????????????????????????????????????##### | | ??????????????????????????????????????????? ?"""" | | ??????????????????????????????????????????# ""S"" | | ??????????????????????????????????????????# "" "" | | ??????????????????????????????????????????# | | ??????????????????????????????????????????# | | ??????????????????????????????????????????# """ "" | | ??????????????????????????????????????????# """ "" | | ??????????????????????????????????????????# """ "" | | ???????????????????????????????????""?? ??# | | ???????????????????????????????????""? ??# | | ?????????????????????????????????#? ??# | | ?????????????????????????????????# ????# | | ?????????????########+######+######+#############+ | | ???????????? u | | ???????????? m " | | ???????????? k km p % ^^ | | ??????????? phh | | ???????????? [u %phh ^ | | ???????????? [] # h#### ######+####### | | ???????????????????? [% # # # | | ???????????????????????# @ "" !r# # # | | ???????????????????????# """r + + " " " " " # | | ???????????????????????## "S # # " " " " " # | | ????????????????????????# """s= ##### " " " " " # | | ????????????????????????# "" #???# " " " " " # | | ????????????????????????# #???# " " " " " # | | ????????????????????????# """ #???# " " " " " # | | ????????????????????????# """ #???# " " " " " ? | | ????????????????????????# """ #???# " " " " "??? | | ????????????????????????# #???# " " " "????? | | ????????????????????????#########???? ? ????? | | ?????????????????????????????????????#####??#????? | | ?????????????????????????????????????????????????? | | ?????????????????????????????????????????????????? | | ?????????????????????????????????????????????????? | | ?????????????????????????????????????????????????? | | ?????????????????????????????????????????????????? | | ?????????????????????????????????????????????????? | | ?????????????????????????????????????????????????? | | ?????????????????????????????????????????????????? | | ?????????????????????????????????????????????????? | | ?????????????????????????????????????????????????? | | ?????????????????????????????????????????????????? | | ?????????????????????????????????????????????????? | | ?????????????????????????????????????????????????? | +----------------------------------------------------+ Best States ------------- Heat Dissipation 61 Energy Generation 16 Energy Capacity 290 Matter Stores 300 Matter Capacity 300 Sight Range 18 Robot Scan Range 14 Terrain Scan Range 16 Terrain Scan Density 210 Armor Coverage 600 Weapon Cycling 15 Evasion (%) 40 Targeting Accuracy 8 Recoil Reduction 3 Kinecelleration 30 Item Schematics ----------------- Huge Storage Unit | -9/Materials | Scanalyzed Hvy. Assault Rifle | -9/Materials | Scanalyzed Robot Schematics ------------------ None Fabricated ------------ Huge Storage Unit | x1 | -7/Factory Repaired ---------- Nothing Studied --------- Datajack | -9/Materials | Hacked Alien Tech Used ----------------- None Achievements -------------- Jackpot Omniscient Cartographer Challenges ------------ None Game ------ Seed StasisCentriumWarhead Manual? 0 Play Time 01:11:25 Cumulative 105.9 hours Start 2025.11.20 @ 00:23:06 End 2025.11.20 @ 02:29:07 Sessions 1 Manual Loads 0 Difficulty Rogue Special Mode None Game No. 141 Rogue 141 Adventurer 0 Explorer 0 Win Type - Total 1 Types 1/0/0/0/0/0/0/0/0/0 Lore% 29 Gallery% 45 Achievement% 31 Wizard Run 0 Options --------- Layout 0 ASCII 0 Keyboard 0 Movement Mouse Keybinds 0 Fullscreen 1 Font 18/Smallcaps Map View 76x50 Zoom Use 0% Tactical HUD 1 Map Filters NONE Filters NONE Steam 1 RUN: 6a026d95-ca79-46c6-a5e4-593e7c9edc71